Unix NetHack Version 5.0.0-0 post-release - last build May 31 2026 23:59:36 (970b52f25bf058293b47ddfd14a1e40e571c508c,branch:main).

Game began 2026-06-03 15:05:54, ended 2026-06-05 13:13:50.

Booker, lawful male human Knight

                                             ---------------------------------
                                             |...|..*|.......|...............|
                                             |^|.|.|.---.---.---.-----------.|
                                             ..|@..|...|.| |...|...........|.|
                                             ---H-----.|.| ---.-------------.|
                                               ..    |...|   |...|.....|....<|
                                               -.-   -----   ---.|%---.|%---)|
                                                               |...| |.|...|.|
                                                               ----- |.---%|^|
                                                                     |.....|.|
                                                                     ------|.|
                                                                           |.|

Booker the Sergeant      St:18/10 Dx:13 Co:18 In:11 Wi:15 Ch:18  Lawful S:134403
Dlvl:25 $:49 HP:0(93) Pw:98(98) AC:-16 Xp:12/26081 T:19694  Burdened Fly

Latest messages:
 You hit the baluchitherium!
 The baluchitherium strikes at your displaced image and misses you!
 You kill the baluchitherium!
 You see here a baluchitherium corpse.
 You hear someone reading a scroll of create monster.
 What do you want to use or apply? [emnsADKSU or ?*]
 Your lantern is now on.
 You hear a distant zap.
 You see here 10 rocks.
 You find a rust trap.
 #
 In what direction?
 You cannot disable that trap.
 You hear crashing rock.
 You hear a crunching sound.
 You hear a distant zap.
 You hear something crash through the floor.
 What do you want to use or apply? [emnsADKSU or ?*]
 You have a little trouble removing t - an uncursed pick-axe.
 What do you want to use or apply? [emnstADKSU or ?*]
 You now wield an uncursed pick-axe.
 In what direction do you want to dig? [yulnjb>]
 You start digging.
 You hit the rock with all your might.
 You stop digging.
 What do you want to wield? [- aet or ?*]
 a - the blessed rustproof +3 Excalibur (weapon in right hand).
 The rock mole strikes at your displaced image and misses you!
 You hit the rock mole!
 The rock mole misses!
 You kill the rock mole!
 The minotaur hits!
 The minotaur hits again!
 The minotaur misses!
 You hear a distant zap.
 The minotaur hits!
 The minotaur hits again!
 The minotaur butts!
 You hit the minotaur!
 The minotaur hits!
 The minotaur hits again!
 The minotaur butts!
 You hit the minotaur!
 The minotaur hits!
 The minotaur hits again!
 The minotaur misses!
 You hit the minotaur!
 The minotaur hits!
 The minotaur hits again!
 You die...

Inventory:
 Coins    ('$')
  $ - 49 gold pieces
 Amulets  ('"')
  c - an uncursed amulet of flying (being worn)
 Weapons  (')')
  a - the blessed rustproof +3 Excalibur (weapon in right hand)
 Armor    ('[')
  d - an uncursed greased thoroughly rusty +0 helmet (being worn)
  g - a blessed +1 pair of leather gloves (being worn)
  I - an uncursed +0 pair of high boots (being worn)
  H - a blessed +4 shield of reflection (being worn)
  r - a blessed greased +4 cloak of displacement (being worn)
  v - a blessed +2 elven mithril-coat (being worn)
 Comestibles  ('%')
  P - 8 uncursed carrots
  E - an uncursed tripe ration
  G - an uncursed homemade tin of owlbear meat
  F - 2 uncursed lizard corpses
 Potions  ('!')
  h - 2 uncursed potions of healing
 Rings    ('=')
  B - a blessed +1 ring of increase damage (on left hand)
  j - an uncursed ring of teleport control (on right hand)
 Wands    ('/')
  K - an uncursed wand of digging (0:2)
  n - an uncursed wand of magic missile (0:6)
  U - an uncursed wand of polymorph (0:3)
 Tools    ('(')
  s - a blessed bag of holding containing 78 items
  D - an uncursed brass lantern (lit)
  t - an uncursed +0 pick-axe
  A - an uncursed skeleton key
  m - an uncursed towel
  e - a blessed +0 unicorn horn
 Gems/Stones  ('*')
  i - a blessed luckstone
  S - a blessed touchstone

Contents of the bag of holding:
  23700 gold pieces
  an uncursed amulet of magical breathing
  a blessed amulet of reflection
  a blessed +0 silver saber
  an uncursed +1 pair of jumping boots
  a blessed +0 pair of kicking boots
  a cursed +0 pair of levitation boots
  an uncursed +0 pair of speed boots
  3 uncursed mangos
  10 uncursed food rations
  an uncursed lembas wafer
  an uncursed tripe ration
  a blessed scroll of blank paper
  12 uncursed scrolls of blank paper
  an uncursed scroll of confuse monster
  an uncursed scroll of create monster
  a blessed scroll of destroy armor
  2 uncursed scrolls of destroy armor
  2 uncursed scrolls of earth
  a blessed scroll of enchant armor
  a cursed scroll of enchant armor
  an uncursed scroll of fire
  an uncursed scroll of food detection
  an uncursed scroll of gold detection
  a blessed scroll of identify
  2 uncursed scrolls of identify
  a blessed scroll of light
  2 uncursed scrolls of magic mapping
  a cursed scroll of magic mapping
  3 blessed scrolls of remove curse
  4 uncursed scrolls of remove curse
  a cursed scroll of stinking cloud
  an uncursed scroll of taming
  3 uncursed scrolls of teleportation
  an uncursed potion of acid
  an uncursed potion of blindness
  a cursed potion of confusion
  2 uncursed potions of extra healing
  6 uncursed potions of full healing
  an uncursed potion of gain ability
  an uncursed potion of gain energy
  an uncursed potion of gain level
  an uncursed potion of hallucination
  a blessed potion of healing
  an uncursed potion of healing
  an uncursed potion of invisibility
  an uncursed potion of levitation
  3 uncursed potions of object detection
  a cursed potion of object detection
  2 blessed potions of restore ability
  an uncursed potion of restore ability
  3 potions of holy water
  3 uncursed potions of water
  an uncursed ring of free action
  an uncursed wand of cold (0:5)
  a blessed wand of digging (0:6)
  an uncursed wand of digging (0:6)
  an uncursed wand of digging (0:3)
  an uncursed wand of fire (0:3)
  a blessed wand of lightning (0:2)
  an uncursed wand of lightning (0:5)
  an uncursed wand of magic missile (0:4)
  an uncursed wand of make invisible (0:7)
  an uncursed wand of sleep (0:3)
  an uncursed bugle
  an uncursed leather drum
  an uncursed can of grease (0:15)
  5 uncursed tallow candles
  an uncursed tin whistle
  an uncursed wax candle
  a cursed wax candle
  an uncursed amber stone
  an uncursed aquamarine stone
  an uncursed diamond
  3 uncursed emeralds
  an uncursed jet stone
  3 uncursed opals
  an uncursed ruby

Booker the Knight's attributes:

Background:
 You were a Sergeant, a level 12 male human Knight.
 You were lawful, on a mission for Lugh
 who was opposed by Brigit (neutral) and Manannan Mac Lir (chaotic).
 You were right-handed.
 You were in the Dungeons of Doom, on level 25.
 You entered the dungeon 19694 turns ago.
 You had 26081 experience points, 13919 more were needed to attain level 13.
 Your score was 134403 before end-of-game adjustments.

Basics:
 You had 0 out of 93 hit points.
 You had all 98 energy points (spell power).
 Your armor class was -16.
 Your wallet contained 49 zorkmids, and
 you had 23700 more stashed away in your pack.
 Autopickup was on for '$%?!"=/' plus thrown, with exceptions.

Final Characteristics:
 Your strength was 18/10 (limit:18/100).
 Your dexterity was 13 (limit:18).
 Your constitution was 18 (limit:18).
 Your intelligence was 11 (limit:18).
 Your wisdom was 15 (limit:18).
 Your charisma was 18 (limit:18).

Final Status:
 You were flying.
 You weren't hungry.
 You were burdened; movement was slightly slowed.
 You were wielding a long sword.
 You had expert skill with long sword.

Final Attributes:
 You were piously aligned.
 You were sleep resistant.
 You were shock resistant.
 You were poison resistant.
 You were level-drain resistant.
 You were telepathic.
 You had automatic searching.
 You were displaced.
 You could jump.
 You had teleport control.
 You had a small damage bonus (+1).
 You had a small defense bonus (+4).
 You were guarded.
 You were fast.
 You had reflection.
 You were lucky.
 You had extra luck.
 Good luck did not time out for you.
 You are dead.

Miscellaneous:
 You disabled loading and storing of bones levels.
 Total elapsed playing time was 6 hours, 37 minutes and 29 seconds.

Major events:
 Turn
    1: Booker the lawful male human Knight entered the dungeon
 1168: entered the Gnomish Mines
 1586: attained the rank of Esquire (level 3)
 3342: was given Excalibur by the Lady of the Lake
 3548: attained the rank of Bachelor (level 6)
 4640: entered Sokoban
 5205: completed 1st Sokoban level
 5567: completed 2nd Sokoban level
 5891: completed 3rd Sokoban level
 6520: completed 4th Sokoban level
 8087: reached Mine Town
 9539: acquired the Mines' End luckstone
10199: attained the rank of Sergeant (level 10)
13488: acquired the Sokoban amulet of reflection
14111: entered Home 1, the Quest
18899: killed Medusa
19694: killed by a minotaur

You didn't know any spells.

Skills:
 Fighting Skills
   bare handed combat [Unskilled]
   two weapon combat  [Basic]
   riding             [Basic]
 Weapon Skills
   dagger             [Unskilled]
   knife              [Unskilled]
   axe                [Unskilled]
   pick-axe           [Unskilled]
   short sword        [Unskilled]
   broadsword         [Unskilled]
   long sword         [Expert]
   two-handed sword   [Unskilled]
   saber              [Skilled]
   club               [Unskilled]
   mace               [Unskilled]
   morning star       [Unskilled]
   flail              [Unskilled]
   hammer             [Unskilled]
   polearms           [Unskilled]
   spear              [Unskilled]
   trident            [Unskilled]
   lance              [Basic]
   bow                [Unskilled]
   crossbow           [Unskilled]
 Spellcasting Skills
   attack spells      [Unskilled]
   healing spells     [Unskilled]
   clerical spells    [Unskilled]

Voluntary challenges:
 Character rerolling was not enabled.
 You never genocided any monsters.
 You never polymorphed an object.
 You never changed form.
 You used no wishes.
 You did not violate any of the special Sokoban rules.
Achievements:
 You entered a shop.
 You entered the Gnomish Mines.
 You attained the rank of Esquire.
 You attained the rank of Bachelor.
 You entered a temple.
 You entered Sokoban.
 You entered Minetown.
 You completed the Gnomish Mines.
 You attained the rank of Sergeant.
 You completed Sokoban.
 You defeated Medusa.

 The Dungeons of Doom: levels 1 to 25
    Level 1:
    Level 2:
       A general store.
    Level 3:
       A general store.
       Stairs down to The Gnomish Mines.
    Level 4:
       A general store.
    Level 5:
       A general store.
    Level 6:
    Level 7:
       A fountain.
       Oracle of Delphi.
    Level 8:
       Stairs up to Sokoban, level 7.
    Level 9:
       A temple and an altar to Lugh.
    Level 10:
       A fountain.
    Level 11:
    Level 12:
       A fountain.
    Level 13:
       A temple and some altars to Lugh.
    Level 14:
       An altar.
       Summoned by King Arthur.
       Portal to The Quest.
    Level 15:
    Level 16:
    Level 17:
       A primitive area.
    Level 18:
       A general store.
    Level 19:
       A fountain.
    Level 20:
       A fountain, a sink.
    Level 21:
       A fountain.
    Level 22:
       A fountain, a sink.
    Level 23:
       Some fountains, many trees.
    Level 24:
    Level 25: <- You were here.
       Final resting place for
          you, killed by a minotaur.
 The Gnomish Mines: levels 4 to 11
    Level 4:
    Level 5:
    Level 6:
       Many shops, a temple and an altar, many fountains.
    Level 7:
    Level 8:
    Level 9:
    Level 10:
    Level 11:
       A fountain.
 The Quest:
    Level 1:
       A throne.
       Home.
 Sokoban: levels 7 up to 4
    Level 4:
       Solved.
    Level 5:
       Solved.
    Level 6:
       Solved.
    Level 7:
       Solved.


Vanquished creatures:
    Medusa
  a purple worm
  a yellow dragon
  a minotaur
  2 baluchitheria
  a titanothere
  3 baby yellow dragons
  2 black puddings
  2 vampires
  a ghost
  a queen bee
  a winged gargoyle
  3 giant mimics
 an ogre tyrant
  5 rock trolls
 an umber hulk
  2 flesh golems
 an elven monarch
  3 large mimics
  a wumpus
  a stalker
  2 air elementals
 an earth elemental
  a water elemental
  a black naga
  a sergeant
  a water demon
  3 wargs
 12 small mimics
  a warhorse
  5 xans
 an ettin mummy
  3 ogre leaders
  a troll
  a wood golem
  a pyrolisk
  a freezing sphere
  a flaming sphere
  a large cat
  a tiger
  3 gargoyles
  a tengu
  2 ochre jellies
  2 leocrottas
  2 stone giants
  2 elf mummies
  a human mummy
  2 red nagas
  2 pythons
  7 pit vipers
  3 cobras
  3 wraiths
 an ettin zombie
  4 Grey-elves
  3 giant beetles
  a quivering blob
  2 cockatrices
  a wolf
  8 winter wolf cubs
  a lynx
  a panther
  2 gremlins
 44 leprechauns
 an iron piercer
  6 giant spiders
  a scorpion
  2 horses
 an ice vortex
  5 black lights
  a vampire bat
  2 forest centaurs
  4 gnome rulers
  3 orc mummies
  2 dwarf mummies
  5 ogres
  3 brown puddings
  a rust monster
  2 owlbears
  4 yetis
  2 Green-elves
  2 giant eels
  3 lizards
  a chickatrice
  2 dingoes
  a dog
  2 jaguars
  a gray unicorn
  2 black unicorns
  a dust vortex
  5 snakes
 an ape
  7 human zombies
  2 Woodland-elves
 29 soldier ants
  a fire ant
 an imp
 15 quasits
  6 wood nymphs
  4 water nymphs
  3 Mordor orcs
 10 Uruk-hai
 an orc shaman
  4 rock piercers
  2 rock moles
  a pony
  4 fog clouds
  4 yellow lights
 12 gnome leaders
  4 gnomish wizards
  5 kobold mummies
  a red naga hatchling
  2 black naga hatchlings
  4 gray oozes
  a barrow wight
  2 elf zombies
  a ghoul
  3 straw golems
  2 paper golems
  2 jellyfish
  8 giant ants
  2 little dogs
  5 floating eyes
  2 kittens
  4 dwarves
  7 homunculi
  a kobold leader
  2 kobold shamans
  a hill orc
 11 rothes
  2 centipedes
  5 giant bats
 an orc zombie
  2 dwarf zombies
  3 werejackals
  7 iguanas
 26 killer bees
  3 acid blobs
  a gas spore
  5 hobbits
  a large kobold
  3 hobgoblins
  4 giant rats
  6 cave spiders
  4 yellow molds
  a green mold
 61 gnomes
 11 garter snakes
  2 gnome zombies
  7 geckos
 10 jackals
  2 kobolds
  a goblin
  9 sewer rats
 11 grid bugs
  2 bats
  5 lichens
  a kobold zombie
  6 newts
616 creatures vanquished.

No species were genocided or became extinct.

Game over:
                       ----------
                      /          \
                     /    REST    \
                    /      IN      \
                   /     PEACE      \
                  /                  \
                  |      Booker      |
                  |     23749 Au     |
                  |   killed by a    |
                  |     minotaur     |
                  |                  |
                  |                  |
                  |       2026       |
                 *|     *  *  *      | *
        _________)/\\_//(\/(/\)/\//\/|_)_______

Fare thee well Booker the Knight...

You died in The Dungeons of Doom on dungeon level 25 with 132029 points,
and 23749 pieces of gold, after 19694 moves.
You were level 12 with a maximum of 93 hit points when you died.

